Map: Ley Lines

Players

ManlyManMeat - Winner!

  • Race: Zerg Zerg
  • League: Diamond
  • Spawn Location: 1:00

VOD

Have the link to the VOD?

Description

Time

  • Played on: June 22, 2025, 5:03 p.m.
  • Length: 7:13
Show
View Real Time Build Order
Export as new Build Order

ManlyManMeat Zerg - Winner!

Build Orders:  

Get SALT Encoding   

  12  0:00  Drone  
  13  0:11  Drone  
  14  0:21  Extractor  
  14  0:22  Drone  
  15  0:32  Overlord  
  15  0:58  Drone  
  16  1:06  Hatchery  
  15  1:11  Drone  
  15  1:17  Drone  
  17  1:22  Drone  
  18  1:43  Extractor  
  18  1:46  Spawning Pool  
  16  1:54  Drone  
  17  2:01  Drone  
  17  2:02  Drone  
  19  2:16  Drone  
  20  2:51  Queen  
  20  2:52  Queen  
  20  2:53  Zergling x4  
  26  3:00  Overlord  
  26  3:14  Drone  
  26  3:18  Drone  
  28  3:31  Drone x2  
  28  3:32  Drone  
  28  3:36  Drone  
  32  3:51  Baneling Nest  
  32  3:53  Drone x2  
  33  4:02  Metabolic Boost  
  33  4:03  Zergling x4  
  35  4:16  Overlord  
  35  4:23  Overlord  
  35  4:35  Hatchery  
  34  4:41  Drone  
  34  4:42  Drone  
  34  4:45  Zergling x2  
  37  4:53  Baneling  
  37  4:54  Baneling x2  
  37  4:55  Baneling x2  
  37  4:58  Zergling x2  
  37  4:59  Zergling x2  
  39  5:02  Zergling x2  
  39  5:07  Zergling x2  
  39  5:08  Zergling x2  
  42  5:10  Zergling x2  
  42  5:18  Zergling x4  
  45  5:25  Zergling x4  
  45  5:29  Zergling x4  
  49  5:40  Zergling x6  
  51  6:05  Overlord x2  
  45  6:35  Zergling x16  
  48  6:44  Baneling  
  52  7:07  Evolution Chamber  
Tags
 
League
Diamond
Matchup
Co-op
Replay Pack
Myownreplay2
Add a new tag
Caveats
  • Supply blocks, unpowered buildings, or Contaminate may cause inaccurate times.
  • Supply counts are checked every 10 seconds.